 Dungeon Crawl Stone Soup version 0.27.1-33-g824d729ab1 (webtiles) character file.

Game seed: 17570255698878590237

67 Grim the Skirmisher (level 4, -10/49 HPs)
             Began as an Ogre Berserker on Dec 20, 2021.
             Was a Follower of Trog.
             Mangled by Crazy Yiuf (11 damage)
             ... on level 2 of the Dungeon.
             The game lasted 00:02:06 (2838 turns).

Grim the Skirmisher (Ogre Berserker)                Turns: 2838, Time: 00:02:07

Health: -10/49     AC:  3    Str: 21    XL:     4   Next: 18%
Magic:  4/4        EV: 10    Int:  8    God:    Trog [*.....]
Gold:   108        SH:  0    Dex:  9    Spells: 3/3 levels left

rFire    . . .     SeeInvis .   h - +0 demon whip
rCold    . . .     Faith    .   (no shield)
rNeg     . . .     Spirit   .   b - +0 animal skin
rPois    .         Reflect  .   (helmet restricted)
rElec    .         Harm     .   (no cloak)
rCorr    .         Rampage  .   (gloves unavailable)
Will     .....                  (boots unavailable)
Stlth    +.........             (no amulet)
HPRegen  0.16/turn              (no ring)
MPRegen  0.09/turn              (no ring)

@: on berserk cooldown, slowed, very slow
A: large, unfitting armour, tough skin 1
a: Renounce Religion, Berserk


You were on level 2 of the Dungeon.
You worshipped Trog.
Trog was aware of your devotion.
You visited 1 branch of the dungeon, and saw 2 of its levels.

You collected 108 gold pieces.

Inventory:

Hand Weapons
 a - a +0 mace
 h - a +0 demon whip (weapon)
Armour
 b - a +0 animal skin (worn)
Scrolls
 d - 2 scrolls of noise {unknown}
 g - a scroll of fear {unknown}
 i - a scroll of teleportation {unknown}
Potions
 c - a potion of brilliance {unknown}
 e - a potion of lignification {unknown}
 f - 2 potions of curing {unknown}


   Skills:
 + Level 4.9 Fighting
 * Level 4.0 Maces & Flails
 - Level 2.6 Dodging


You had 3 spell levels left.
You didn't know any spells.
Your spell library was empty.

Dungeon Overview and Level Annotations

Branches:
Dungeon (2/15)

Altars:
The Shining One

Annotations:
D:2 Crazy Yiuf


Innate Abilities, Weirdness & Mutations

You are too large for most types of armour.
You have tough skin. (AC +1)


Message History

You see here a +0 dagger.
Found 5 gold pieces.
Found a stone staircase leading down.
You now have 108 gold pieces (gained 5).
Found a stone staircase leading up.
There is a stone staircase leading up here.
Found a mace.
Found a runed translucent door.
There is a stone staircase leading up here.
You see here 9 sling bullets.
You open the door.
There is an open door here.
Crazy Yiuf shouts!
As you open the door, it creaks loudly!
A red film seems to cover your vision as you go berserk!
You feel yourself moving faster!
You feel mighty!
Crazy Yiuf hits you with a +3 quarterstaff of chaos.
You are confused.
You feel a strong urge to attack something.
Crazy Yiuf drinks a potion.
Crazy Yiuf flickers and vanishes!
Deactivating autopickup; reactivate with Ctrl-A.
You feel less confused.
You feel your anger nearly subside.
No target in view!
You whack something! Something hits you!
You hit something. You closely miss something. Something hits you!
Something tries to affect you, but you resist.
You barely miss something. You closely miss something. Something hits you!
You barely miss something. Something hits you!
You barely miss something.
You are no longer berserk.
You are exhausted.
You feel yourself slow down.
You closely miss something. Something hits you!
* * * LOW HITPOINT WARNING * * *
Something freezes you.
* * * LOW HITPOINT WARNING * * *
Something hits you!
You die...

#########........#
..........#####..##
########.## #....#
# #.# #....# ## #.#
##...# .# #.# ##.##
.##### #.# ##.#
.....# #.# #.##
#.##.# #.# ##@#
#..#.# #.# #.##
...#.# #.# #'#
...#.###.# ...
>........# #...#
#.....##<# #)..#
#......#.# #####
...#.#.#.##
#.........###


There were no monsters in sight!

Vanquished Creatures
  2 adders (D:2)
  4 worms (D:2)
  A dart slug (D:2)
  4 ball pythons
  2 endoplasms (D:1)
  3 goblins
  4 hobgoblins
  3 jackals (D:1)
  A kobold (D:1)
  3 quokkas (D:1)
  4 bats
  4 frilled lizards (D:1)
  A rat (D:1)
36 creatures vanquished.

Vanquished Creatures (others)
  14 plants (D:2)
14 creatures vanquished.

Grand Total: 50 creatures vanquished

Notes
Turn   | Place    | Note
-------+----------+-------------------------------------------
     0 | D:1      | Grim the Ogre Berserker began the quest for the Orb.
     0 | D:1      | Reached XP level 1. HP: 24/24 MP: 1/1
    17 | D:1      | Found a faded altar of an unknown god.
   287 | D:1      | Reached XP level 2. HP: 20/32 MP: 2/2
  1167 | D:1      | Reached XP level 3. HP: 40/40 MP: 3/3
  1747 | D:2      | Found a glowing golden altar of the Shining One.
  2124 | D:2      | Reached XP level 4. HP: 43/49 MP: 4/4
  2562 | D:2      | Found a runed translucent door.
  2563 | D:2      | Noticed Crazy Yiuf
  2838 | D:2      | HP: 2/49 [something (16)]
  2838 | D:2      | Mangled by Crazy Yiuf

Illustrated notes

Levels and vault maps discovered:
D:1:      dpeg_arrival_arbitrary_b, layout_basic, basic_ecumenical_altar
D:2:      layout_basic, basic_altar, moated_statue, minivault_23,
          serial_bayou_pond_c, uniq_crazy_yiuf_cottage

Skill      XL: |  1  2  3  4 |
---------------+-------------+-----
Maces & Flails | 3 4 |  4.0
Fighting       | |  4.9
Dodging        | |  2.6

Action                   |  1- 3 |  4- 6 || total
-------------------------+-------+-------++-------
Melee: Mace              |    83 |       ||    83
       Demon whip        |    15 |    16 ||    31
Invok: Berserk           |     1 |     1 ||     2
 Stab: Sleeping          |     2 |       ||     2
Armor: Animal skin       |    16 |     2 ||    18
Dodge: Dodged            |    42 |     4 ||    46
